 Dungeon Crawl Stone Soup version 0.30-a0-715-gdb4ae3ece1 (webtiles) character file.

Game seed: 13396412603733617324

126 Imper the Poker (level 5, -2/32 HPs)
             Began as a Tengu Reaver on Jan 25, 2023.
             Slain by Grinder (8 damage)
             ... while paralysed by Grinder
             ... on level 3 of the Dungeon.
             The game lasted 00:08:50 (2596 turns).

Imper the Poker (Tengu Reaver)                      Turns: 2596, Time: 00:08:50

Health: -2/32      AC:  4    Str: 12    XL:     5   Next: 9%
Magic:  9/9        EV:  2    Int: 14    God:
Gold:   140        SH:  0    Dex: 14    Spells: 5/8 levels left

rFire   . . .      SeeInvis .    a - +0 spear
rCold   . . .      Faith    .    (no shield)
rNeg    . . .      Spirit   .    b - +0 leather armour
rPois   .          Reflect  .    (helmet restricted)
rElec   .          Harm     .    d - +0 cloak
rCorr   .          Rampage  .    (no gloves)
Will    .....                    (boots unavailable)
Stlth   +                        (no amulet)
HPRegen 0.25/turn                (no ring)
MPRegen 0.11/turn                (no ring)

@: paralysed, flying quickly and evasively, invisible, quick
A: beak, talons 3, nimble flight
a: no special abilities


You were on level 3 of the Dungeon.
You visited 1 branch of the dungeon, and saw 3 of its levels.

You collected 140 gold pieces.

Inventory:

Hand Weapons
 a - a +0 spear (weapon)
Armour
 b - a +0 leather armour (worn)
 d - a +0 cloak (worn)
Scrolls
 c - a scroll of magic mapping
 e - a scroll of immolation {unknown}
 f - a scroll of teleportation
Potions
 i - a potion of magic {unknown}
 j - a potion of haste {unknown}


   Skills:
 + Level 3.0 Fighting
 + Level 4.5 Polearms
 + Level 1.6 Armour
 + Level 2.6 Dodging
 + Level 0.2 Stealth
 + Level 2.2 Spellcasting
 + Level 4.3 Conjurations


You had 5 spell levels left.
You knew the following spells:

 Your Spells              Type           Power      Damage    Failure   Level
a - Kiss of Death         Conj/Necr      28%        2d7       12%         1
b - Momentum Strike       Conj/Tloc      14%        3d8       19%         2

Your spell library contained the following spells:

 Spells                   Type           Power      Damage    Failure   Level
 Hailstorm                Conj/Ice       7%         3d4       34%         3


Dungeon Overview and Level Annotations

Branches:
Dungeon (3/15)

Altars:

Annotations:
D:3 Grinder


Innate Abilities, Weirdness & Mutations

You have a beak for a mouth.
You have claws for feet.
Your magical nature lets you fly swiftly and evasively.


Message History

Grinder is lightly wounded.
Grinder barely misses you.
You hit Grinder but do no damage.
Grinder is lightly wounded.
Grinder completely misses you.
You barely miss Grinder. You peck Grinder.
Grinder is moderately wounded.
Grinder gestures at you. Pain shoots through your body!
You hit Grinder. You claw Grinder, but do no damage.
Grinder is moderately wounded.
Grinder hits you but does no damage.
You barely miss Grinder.
Grinder is moderately wounded.
Grinder completely misses you.
You hit Grinder but do no damage. You peck Grinder.
Grinder is moderately wounded.
Grinder misses you.
You hit Grinder.
Grinder is moderately wounded.
You closely miss Grinder. You claw Grinder.
Grinder is heavily wounded.
Grinder hits you.
You writhe in agony.
You catch the helpless Grinder completely off-guard!
You hit Grinder but do no damage. You claw Grinder.
Grinder is heavily wounded.
Grinder hits you but does no damage.
You hit Grinder. Your peck misses Grinder.
Grinder is heavily wounded.
Grinder barely misses you.
You hit Grinder. You claw Grinder!
Grinder is severely wounded.
Grinder gestures at you.
You suddenly lose the ability to move!
Grinder barely misses you. Grinder gestures at you.
Pain shoots through your body!
* * * LOW HITPOINT WARNING * * *
Grinder hits you!
You die...

.. ... ....
...>.
......#####
......g)..#
..ยง...###.#
..... #5#
.... #@# ...
###)# ##
#<..# #####


You could see Grinder (unable to see you).

Vanquished Creatures
  An orc priest (D:3)
  Natasha (D:2)
  2 worms (D:2)
  2 dart slugs (D:1)
  8 orcs (D:3)
  4 bats
  An endoplasm (D:2)
  3 giant cockroaches
  5 hobgoblins
  6 jackals
  2 quokkas (D:1)
  4 ball pythons
  5 frilled lizards (D:2)
  5 goblins
  2 kobolds (D:1)
  4 rats
55 creatures vanquished.

Vanquished Creatures (others)
  2 fungi (D:3)
  A plant (D:3)
3 creatures vanquished.

Grand Total: 58 creatures vanquished

Notes
Turn   | Place    | Note
-------+----------+-------------------------------------------
     0 | D:1      | Imper the Tengu Reaver began the quest for the Orb.
     0 | D:1      | Reached XP level 1. HP: 12/12 MP: 4/4
    48 | D:1      | Reached XP level 2. HP: 17/17 MP: 6/6
  1533 | D:1      | Reached XP level 3. HP: 17/17 MP: 7/7
  2274 | D:2      | Noticed Natasha
  2284 | D:2      | Killed Natasha
  2285 | D:2      | Reached XP level 4. HP: 11/27 MP: 8/8
  2388 | D:2      | Reached skill level 1 in Armour
  2397 | D:2      | Learned a level 2 spell: Momentum Strike
  2527 | D:3      | Noticed Grinder
  2541 | D:3      | Gained mutation: Your magical nature lets you fly swiftly
                  | and evasively. [Tengu growth]
  2541 | D:3      | Reached XP level 5. HP: 21/32 MP: 9/9
  2593 | D:3      | Paralysed by Grinder for 4 turns
  2596 | D:3      | Slain by Grinder

Illustrated notes

Levels and vault maps discovered:
D:1:      amcnicky_arrival_single_pillar, layout_basic
D:2:      layout_loops_corners, uniq_natasha
D:3:      layout_basic, nicolae_kikubaaqudgha_miasma_corner,
          shapermc_ecumenical_altar_mp_ritualfount, nicolae_shop_vocational,
          uniq_terence, uniq_robin, uniq_grinder

Skill      XL: |  1  2  3  4  5 |
---------------+----------------+-----
Polearms       | 4 |  4.5
Armour         | 1 |  1.6
Fighting       | 3 |  3.0
Dodging        | |  2.6
Stealth        | |  0.2
Spellcasting   | |  2.2
Conjurations   | |  4.3

Action                     |  1- 3 |  4- 6 || total
---------------------------+-------+-------++-------
  Melee: Spear             |    91 |    68 ||   159
         Kick              |    17 |    25 ||    42
         Peck              |    11 |    10 ||    21
         Punch             |     2 |     3 ||     5
   Cast: Kiss of Death     |     1 |       ||     1
    Use: Scroll            |     4 |     1 ||     5
         Potion            |     2 |     1 ||     3
   Stab: Sleeping          |     1 |       ||     1
         Invisible         |       |     2 ||     2
 Armour: Leather armour    |    31 |    11 ||    42
  Dodge: Dodged            |    49 |    40 ||    89

Table legend: (Time is in decaauts)
 A = Elapsed time spent in this place.
 B = Non-inter-level travel time spent in this place.
 C = Inter-level travel time spent in this place.
 D = Time resting spent in this place.
 E = Time spent auto-exploring this place.
 F = Levels seen in this place.
 G = Mean time per level.
                   A        B        C        D        E       F      G
               +--------+--------+--------+--------+--------+-----+--------+
         Total |   2578 |   2578 |      0 |   1239 |      3 |   3 |  859.3 |
       Dungeon |   2578 |   2578 |      0 |   1239 |      3 |   3 |  859.3 |
               +--------+--------+--------+--------+--------+-----+--------+

Top non-repeatable levels by time:
     D:1: 1706 daAuts
     D:2: 803 daAuts
     D:3: 69 daAuts
